 Dungeon Crawl Stone Soup version 0.26-a0-652-gafc20e3620 (webtiles) character file.

Game seed: 6209292413067887851

46 muata the Skirmisher (level 3, -3/40 HPs)
             Began as an Ogre Berserker on Oct 4, 2020.
             Was a Follower of Trog.
             Splashed by a jelly's acid (6 damage)
             ... on level 2 of the Dungeon.
             The game lasted 00:02:23 (1557 turns).

muata the Skirmisher (Ogre Berserker)               Turns: 1557, Time: 00:02:24

Health: -3/40      AC: -1    Str: 22    XL:     3   Next: 68%
Magic:  3/3        EV: 10    Int:  8    God:    Trog [*.....]
Gold:   75         SH:  0    Dex:  8    Spells: 2/2 levels left

rFire    . . .     SeeInvis .   a - +0 hand axe
rCold    . . .     Faith    .   (no shield)
rNeg     . . .     Spirit   .   g - +0 robe (curse)
rPois    .         Reflect  .   (helmet restricted)
rElec    .         Harm     .   (no cloak)
rCorr    .         Rampage  .   (gloves unavailable)
MR       .....                  (boots unavailable)
Stlth    +.........             (no amulet)
HPRegen  0.13/turn              (no ring)
MPRegen  0.08/turn              (no ring)

@: corroded
A: large, unfitting armour, tough skin 1
a: Berserk, Renounce Religion


You were on level 2 of the Dungeon.
You worshipped Trog.
Trog was aware of your devotion.
You visited 1 branch of the dungeon, and saw 2 of its levels.

You collected 75 gold pieces.

Inventory:

Hand Weapons
 a - a +0 hand axe (weapon)
Armour
 b - a +0 animal skin
 g - a cursed +0 robe (worn)
 j - a cursed +0 robe
Jewellery
 e - an uncursed ring of fire {unknown}
Scrolls
 c - a scroll of remove curse {unknown}
 d - 2 scrolls of blinking {unknown}
 f - a scroll of teleportation {unknown}
 h - a scroll of random uselessness {unknown}
 i - a scroll of identify {unknown}
Potions
 k - a potion of curing {unknown}


   Skills:
 + Level 4.7 Fighting
 + Level 3.6 Axes
 + Level 3.2 Dodging


You had 2 spell levels left.
You didn't know any spells.
Your spell library was empty.

Dungeon Overview and Level Annotations

Branches:
Dungeon (2/15)

Altars:


Innate Abilities, Weirdness & Mutations

You are too large for most types of armour.
You have tough skin. (AC +1)


Message History

There is an open door here.
You open the door.
A jelly comes into view.
The jelly quivers.
The jelly hits you.
You are splashed with acid!
There is an open door here.
The jelly barely misses you.
Found 8 gold pieces and a glowing tourmaline ring.
The jelly barely misses you. The jelly hits you. The acid corrodes you!
You are splashed with acid!
You hit the jelly but do no damage.
Your hands burn!
The jelly hits you.
You are splashed with acid!
* * * LOW HITPOINT WARNING * * *
You hit the jelly.
Your hands burn!
* * * LOW HITPOINT WARNING * * *
The jelly is moderately wounded.
The jelly hits you.
* * * LOW HITPOINT WARNING * * *
You are splashed with acid.
You die...

..### .=..# #
#$#.# #.##.#.#
##....#.#
........#####
########J@....#
#......'......+
#.######......#
#.# ########
###.#
#...########
#...'.......
#...########
###.....#


You could see a jelly.

Vanquished Creatures
  An ooze (D:1)
  A worm (D:2)
  3 dart slugs
  A leopard gecko (D:1)
  4 bats (D:1)
  2 hobgoblins (D:1)
  11 kobolds (D:1)
  4 frilled lizards (D:1)
  2 goblins (D:1)
  4 rats (D:1)
33 creatures vanquished.

Notes
Turn   | Place    | Note
-------+----------+-------------------------------------------
     0 | D:1      | muata the Ogre Berserker began the quest for the Orb.
     0 | D:1      | Reached XP level 1. HP: 24/24 MP: 1/1
    96 | D:1      | Reached XP level 2. HP: 15/32 MP: 2/2
   658 | D:1      | Reached XP level 3. HP: 37/40 MP: 3/3
  1557 | D:2      | Splashed by a jelly's acid

Illustrated notes

Levels and vault maps discovered:
D:1:      minmay_arrival_up_and_down, layout_basic, minmay_strange_pillars,
          minmay_indecisive_spiral
D:2:      layout_basic, overflow_temple_1_default,
          gammafunk_temple_overflow_statue

Skill      XL: |  1  2 |
---------------+-------+-----
Dodging        | 3 |  3.2
Fighting       | |  4.7
Axes           | |  3.6

Action                   || total
-------------------------++-------
Melee: Hand axe          ||   106
Armor: Animal skin       ||    19
       Robe              ||    23
Dodge: Dodged            ||    77

Table legend: (Time is in decaauts)
 A = Elapsed time spent in this place.
 B = Non-inter-level travel time spent in this place.
 C = Inter-level travel time spent in this place.
 D = Time resting spent in this place.
 E = Time spent auto-exploring this place.
 F = Levels seen in this place.
 G = Mean time per level.
                   A        B        C        D        E       F      G
               +--------+--------+--------+--------+--------+-----+--------+
         Total |   1571 |   1556 |     15 |    161 |   1111 |   2 |  785.5 |
       Dungeon |   1571 |   1556 |     15 |    161 |   1111 |   2 |  785.5 |
               +--------+--------+--------+--------+--------+-----+--------+

Top non-repeatable levels by time:
     D:1: 1440 daAuts
     D:2: 131 daAuts
